Workbook
Name _1__xlnm.Print_Area: #REF!
Name _2__xlnm.Print_Area_1: #REF!
Name BM: #REF!
Name SI: Desglose!$D$24

Sheet Tutorial
B2: Instrucciones para completar información del presupuesto del proyecto - ACT 06.10.26
B3: Solamente puede completarse información en las celdas en color amarillo. No se permite desbloquear o modificar la planilla; en tal caso se solicitará que la misma se vuelva a presentar.
B4: En la columna ELEGIBLE debe seleccionarse la opción SI si el gasto corresponde a actividades elegibles de acuerdo a las Bases de la convocatoria. Las celdas bloqueadas con NO no son elegibles para este programa. Recuerde que los gastos no elegibles no forman parte del presupuesto del proyecto objeto de reembolso.
B5: Complete la Cantidad, Unidad (Gobal, Unidad, Dia, etc, según corresponda ) el importe en dólares americanos USD del bien o servicio indicado en cada fila. El costo es el producto entre la Cantidad y el Importe unitario. Realice las aclaraciones necesarias en la casilla Descripción al final de cada fila completada.
B6: La hoja "Carátula" resume la información completada en la pestaña "Desglose" incluyendo la pestaña de "Animación", y no requiere información adicional, a excepción de los imprevistos los cuales no sumarán al Total Elegible
B7: Las columnas de Control de Ejecución no deben completarse en la postulación, sino una vez se hayan ejecutado las actividades y debe presentarse junto con la rendición final de gastos.

Sheet Carátula
B1: TAX CREDIT SERVICIOS DE PRODUCCIÓN Y/O POSTPRODUCCIÓN AUDIOVISUAL INTERNACIONAL PARA CONTENIDOS PUBLICITARIOS
B2: PLANILLA DE PRESUPUESTO
B3: CONSIDERACIONES :
B4: Véase la pestaña "Tutorial"
B5: Las celdas de color amarillo son las únicas que se encuentran desbloqueadas a efectos de ingresar información y/o montos correspondientes al proyecto postulado.
B6: Se sugiere descargar la planilla y trabajarla en formato excel ya que su uso on line o con otros programas puede automáticamente desbloquear celdas con fórmulas pudiendo éstas
B7: alterarse accidentalmente.
B8: NOMBRE DEL PROYECTO:
B9: Fecha:
B10: Tipo de Cambio $:
B11: RUBRO | C11: CONCEPTO | D11: TOTAL USD | E11: TOTAL ELEGIBLE USD | H11: CONTROL
B12: SOBRE LA LÍNEA | H12: EJECUTADO USD | I12: DESVÍO %
B13: 1 | C13: LIBRO - ARGUMENTO - GUION | D13: =+Desglose!H18 -> 0 | E13: =+Desglose!I18 -> 0 | H13: =+Desglose!L18 -> 0 | I13: =Desglose!N18 -> 0
B14: 2 | C14: RRHH DIRECCIÓN | D14: =+Desglose!H39 -> 0 | E14: =+Desglose!I39 -> 0 | H14: =+Desglose!L39 -> 0 | I14: =Desglose!N39 -> 0
B15: 3 | C15: RRHH PRODUCCIÓN EJECUTIVA | D15: =+Desglose!H60 -> 0 | E15: =+Desglose!I60 -> 0 | H15: =+Desglose!L60 -> 0 | I15: =Desglose!N60 -> 0
B16: 4 | C16: GASTOS DE CASTING & ELENCO | D16: =+Desglose!H92 -> 0 | E16: =+Desglose!I92 -> 0 | H16: =+Desglose!L92 -> 0 | I16: =Desglose!N92 -> 0
B17: Subtotal GASTOS SOBRE LA LINEA | D17: =SUM(D13:D16) -> 0 | E17: =SUM(E13:E16) -> 0 | H17: =SUM(H13:H16) -> 0 | I17: =IF((H17-E17)=0,0,(IF(E17=(H17-E17)=0,1,(IF(E17=0,1,(H17-E17)/E17))))) -> 0
B19: PRE PRODUCCIÓN & PRODUCCIÓN | H19: EJECUTADO USD | I19: DESVÍO %
B20: 5 | C20: RRHH ELENCO EXTRAS | D20: =+Desglose!H103 -> 0 | E20: =+Desglose!I103 -> 0 | H20: =+Desglose!L103 -> 0 | I20: =Desglose!N103 -> 0
B21: 6 | C21: RRHH EQUIPO TÉCNICO | D21: =+Desglose!H816 -> 0 | E21: =+Desglose!I816 -> 0 | H21: =+Desglose!L816 -> 0 | I21: =Desglose!N816 -> 0
B22: 7 | C22: VESTUARIO | D22: =+Desglose!H827 -> 0 | E22: =+Desglose!I827 -> 0 | H22: =+Desglose!L827 -> 0 | I22: =Desglose!N827 -> 0
B23: 8 | C23: MAQUILLAJE & PELUQUERÍA | D23: =+Desglose!H835 -> 0 | E23: =+Desglose!I835 -> 0 | H23: =+Desglose!L835 -> 0 | I23: =Desglose!N835 -> 0
B24: 9 | C24: UTILERÍA | D24: =+Desglose!H843 -> 0 | E24: =+Desglose!I843 -> 0 | H24: =+Desglose!L843 -> 0 | I24: =Desglose!N843 -> 0
B25: 10 | C25: DISEÑO DE SET, AMBIENTACIÍON Y ESCENOGRAFIA | D25: =+Desglose!H856 -> 0 | E25: =+Desglose!I856 -> 0 | H25: =+Desglose!L856 -> 0 | I25: =Desglose!N856 -> 0
B26: 11 | C26: LOCACIONES | D26: =+Desglose!H869 -> 0 | E26: =+Desglose!I869 -> 0 | H26: =+Desglose!L869 -> 0 | I26: =Desglose!N869 -> 0
B27: 12 | C27: ANIMALES | D27: =+Desglose!H883 -> 0 | E27: =+Desglose!I883 -> 0 | H27: =+Desglose!L883 -> 0 | I27: =+Desglose!N883 -> 0
B28: 13 | C28: EQUIPAMIENTO | D28: =+Desglose!H904 -> 0 | E28: =+Desglose!I904 -> 0 | H28: =+Desglose!L904 -> 0 | I28: =Desglose!N904 -> 0
B29: 14 | C29: EFECTOS ESPECIALES EN RODAJE | D29: =+Desglose!H911 -> 0 | E29: =+Desglose!I911 -> 0 | H29: =+Desglose!L911 -> 0 | I29: =Desglose!N911 -> 0
B30: 15 | C30: MOVILIDAD | D30: =+Desglose!H935 -> 0 | E30: =+Desglose!I935 -> 0 | H30: =+Desglose!L935 -> 0 | I30: =Desglose!N935 -> 0
B31: 16 | C31: FUERZA MOTRIZ | D31: =+Desglose!H942 -> 0 | E31: =+Desglose!I942 -> 0 | H31: =+Desglose!L942 -> 0 | I31: =Desglose!N942 -> 0
B32: 17 | C32: COMIDAS Y ALOJAMIENTO | D32: =+Desglose!H953 -> 0 | E32: =+Desglose!I953 -> 0 | H32: =+Desglose!L953 -> 0 | I32: =Desglose!N953 -> 0
B33: 18 | C33: SEGURIDAD | D33: =+Desglose!H959 -> 0 | E33: =+Desglose!I959 -> 0 | H33: =+Desglose!L959 -> 0 | I33: =Desglose!N959 -> 0
B34: 19 | C34: DATA & MATERIAL VIRGEN | D34: =+Desglose!H967 -> 0 | E34: =+Desglose!I967 -> 0 | H34: =+Desglose!L967 -> 0 | I34: =Desglose!N960 -> 0
B35: Subtotal PRE PRODUCCIÓN & PRODUCCIÓN | D35: =SUM(D20:D34) -> 0 | E35: =SUM(E20:E34) -> 0 | H35: =SUM(H20:H34) -> 0 | I35: =IF((H35-E35)=0,0,(IF(E35=(H35-E35)=0,1,(IF(E35=0,1,(H35-E35)/E35))))) -> 0
B37: GASTOS DE POST PRODUCCIÓN | H37: EJECUTADO USD | I37: DESVÍO %
B38: 20 | C38: DATA & MATERIAL DE ARCHIVO | D38: =+Desglose!H981 -> 0 | E38: =+Desglose!I981 -> 0 | H38: =+Desglose!L981 -> 0 | I38: 0
B39: 21 | C39: EDICIÓN : RRHH | D39: =+Desglose!H989 -> 0 | E39: =+Desglose!I989 -> 0 | H39: =+Desglose!L989 -> 0 | I39: 0
B40: 22 | C40: EDICIÓN : SERVICIOS Y PROCESOS | D40: =+Desglose!H998 -> 0 | E40: =+Desglose!I998 -> 0 | H40: =+Desglose!L998 -> 0 | I40: =+'[1]Post producción'!N78 -> 0
B41: 23 | C41: EDICIÓN : EQUIPAMIENTO | D41: =+Desglose!H1008 -> 0 | E41: =+Desglose!I1008 -> 0 | H41: =+Desglose!L1008 -> 0 | I41: =+'[1]Post producción'!N88 -> 0
B42: 24 | C42: POST PRODUCCIÓN DE IMAGEN : RRHH | D42: =+Desglose!H1021 -> 0 | E42: =+Desglose!I1021 -> 0 | H42: =+Desglose!L1021 -> 0 | I42: =+'[1]Post producción'!N107 -> 0
B43: 25 | C43: POST PRODUCCIÓN DE IMAGEN : SERVICIOS Y PROCESOS | D43: =+Desglose!H1041 -> 0 | E43: =+Desglose!I1041 -> 0 | H43: =+Desglose!L1041 -> 0 | I43: =+'[1]Post producción'!N131 -> 0
B44: 26 | C44: POST PRODUCCIÓN DE IMAGEN : EQUIPAMIENTO | D44: =+Desglose!H1055 -> 0 | E44: =+Desglose!I1055 -> 0 | H44: =+Desglose!L1055 -> 0 | I44: =+'[1]Post producción'!N144 -> 0
B45: 27 | C45: POST PRODUCCIÓN DE SONIDO : RRHH | D45: =+Desglose!H1066 -> 0 | E45: =+Desglose!I1066 -> 0 | H45: =+Desglose!L1066 -> 0 | I45: =+'[1]Post producción'!N159 -> 0
B46: 28 | C46: POST PRODUCCIÓN DE SONIDO : SERVICIOS Y PROCESOS | D46: =+Desglose!H1080 -> 0 | E46: =+Desglose!I1080 -> 0 | H46: =+Desglose!L1080 -> 0 | I46: =+'[1]Post producción'!N181 -> 0
B47: 29 | C47: POST PRODUCCIÓN DE SONIDO : MÚSICA RRHH | D47: =+Desglose!H1093 -> 0 | E47: =+Desglose!I1093 -> 0 | H47: =+Desglose!L1093 -> 0 | I47: =+'[1]Post producción'!N198 -> 0
B48: 30 | C48: EFECTOS VISUALES: RRHH | D48: =+Desglose!H1125 -> 0 | E48: =+Desglose!I1125 -> 0 | H48: =+Desglose!L1125 -> 0 | I48: =+[1]VFX!N75 -> 0
B49: 31 | C49: EFECTOS VISUALES: EQUIPAMIENTO | D49: =+Desglose!H1152 -> 0 | E49: =+Desglose!I1152 -> 0 | H49: =+Desglose!L1152 -> 0 | I49: =+[1]VFX!N131 -> 0
B50: 32 | C50: MISCELANEOS | D50: =+Desglose!H1161 -> 0 | E50: =+Desglose!I1161 -> 0 | H50: =+Desglose!L1161 -> 0 | I50: =+'[1]Post producción'!N209 -> 0
B51: Subtotal GASTOS DE POST PRODUCCIÓN | D51: =SUM(D38:D50) -> 0 | E51: =SUM(E38:E50) -> 0 | H51: =SUM(H38:H50) -> 0 | I51: =IF((H51-E51)=0,0,(IF(E51=(H51-E51)=0,1,(IF(E51=0,1,(H51-E51)/E51))))) -> 0
B53: GASTOS DE ANIMACIÓN | H53: EJECUTADO USD | I53: DESVÍO %
B54: 33 | C54: RRHH PRODUCCIÓN EJECUTIVA | D54: =+Animación!H16 -> 0 | E54: =+Animación!I16 -> 0 | H54: =+Animación!L16 -> 0 | I54: =+[1]Animación!N53 -> 0
B55: 34 | C55: RRHH CABEZAS DE EQUIPO | D55: =+Animación!H25 -> 0 | E55: =+Animación!I25 -> 0 | H55: =+Animación!L25 -> 0 | I55: =+[1]Animación!N62 -> 0
B56: 35 | C56: RRHH PRE PRODUCCIÓN ANIMACIÓN | D56: =+Animación!H33 -> 0 | E56: =+Animación!I33 -> 0 | H56: =+Animación!L33 -> 0 | I56: =+[1]Animación!N70 -> 0
B57: 36 | C57: STOP MOTION DISEÑO DE SET & ESCENOGRAFÍA | D57: =+Animación!H46 -> 0 | E57: =+Animación!I46 -> 0 | H57: =+Animación!L46 -> 0 | I57: =+[1]Animación!N83 -> 0
B58: 37 | C58: ANIMACIÓN EQUIPAMIENTO | D58: =+Animación!H56 -> 0 | E58: =+Animación!I56 -> 0 | H58: =+Animación!L56 -> 0 | I58: =+[1]Animación!N93 -> 0
B59: 38 | C59: RRHH ANIMACIÓN EQUIPO PRODUCCIÓN | D59: =+Animación!H65 -> 0 | E59: =+Animación!I65 -> 0 | H59: =+Animación!L65 -> 0 | I59: =+[1]Animación!N102 -> 0
B60: 39 | C60: RRHH ANIMACIÓN PRODUCCIÓN | D60: =+Animación!H78 -> 0 | E60: =+Animación!I78 -> 0 | H60: =+Animación!L78 -> 0 | I60: =+[1]Animación!N115 -> 0
B61: 40 | C61: RRHH EQUIPO POST ANIMACIÓN | D61: =+Animación!H99 -> 0 | E61: =+Animación!I99 -> 0 | H61: =+Animación!L99 -> 0 | I61: =+[1]Animación!N136
B62: 41 | C62: ANIMACIÓN POST PRODUCCIÓN | D62: =+Animación!H111 -> 0 | E62: =+Animación!I111 -> 0 | H62: =+Animación!L111 -> 0 | I62: =+[1]Animación!N148 -> 0
B63: 42 | C63: ANIMACIÓN POST PRODUCCIÓN DE SONIDO | D63: =+Animación!H120 -> 0 | E63: =+Animación!I120 -> 0 | H63: =+Animación!L120 -> 0 | I63: =+[1]Animación!N157 -> 0
B64: 43 | C64: RRHH ANIMACIÓN POST PRODUCCIÓN MÚSICA | D64: =+Animación!H134 -> 0 | E64: =+Animación!I134 -> 0 | H64: =+Animación!L134 -> 0 | I64: =+[1]Animación!N171 -> 0
B65: 44 | C65: ANIMACIÓN DIGITAL - CONECTIVIDAD | D65: =+Animación!H143 -> 0 | E65: =+Animación!I143 -> 0 | H65: =+Animación!L143 -> 0 | I65: =+[1]Animación!N180 -> 0
B66: 45 | C66: ANIMACIÓN MISCELÁNEOS | D66: =+Animación!H153 -> 0 | E66: =+Animación!I153 -> 0 | H66: =+Animación!L153 -> 0 | I66: =+[1]Animación!N190 -> 0
B67: Subtotal GASTOS DE ANIMACIÓN | D67: =SUM(D54:D66) -> 0 | E67: =SUM(E54:E66) -> 0 | H67: =SUM(H54:H66) -> 0 | I67: =IF((H67-E67)=0,0,(IF(E67=(H67-E67)=0,1,(IF(E67=0,1,(H67-E67)/E67))))) -> 0
B69: SUSTENTABILIDAD | H69: EJECUTADO USD | I69: DESVÍO %
B70: 46 | C70: RRHH | D70: =+Desglose!H1165 -> 0 | E70: =+Desglose!I1165 -> 0 | H70: =+Desglose!L1165 -> 0 | I70: =Desglose!N1193 -> 0
B71: 47 | C71: SERVICIOS/PROCESOS/OTROS | D71: =+Desglose!H1167+Desglose!H1166 -> 0 | E71: =+Desglose!I1167+Desglose!I1166 -> 0 | H71: =+Desglose!L1167+Desglose!L1166 -> 0 | I71: =Desglose!N1201 -> 0
B72: Subtotal GASTOS GENERALES | D72: =SUM(D70:D71) -> 0 | E72: =SUM(E70:E71) -> 0 | H72: =SUM(H70:H71) -> 0 | I72: =IF((H72-E72)=0,0,(IF(E72=(H72-E72)=0,1,(IF(E72=0,1,(H72-E72)/E72))))) -> 0
B74: ACCESIBILIDAD | H74: EJECUTADO USD | I74: DESVÍO %
B75: 48 | C75: RRHH | D75: =+Desglose!H1171 -> 0 | E75: =+Desglose!I1171 -> 0 | H75: =+Desglose!L1171 -> 0 | I75: =Desglose!N1197 -> 0
B76: 49 | C76: SERVICIOS/PROCESOS/OTROS | D76: =+Desglose!H1172+Desglose!H1173 -> 0 | E76: =+Desglose!I1172+Desglose!I1173 -> 0 | H76: =+Desglose!L1172+Desglose!L1173 -> 0 | I76: =Desglose!N1204 -> 0
B77: Subtotal GASTOS GENERALES | D77: =SUM(D75:D76) -> 0 | E77: =SUM(E75:E76) -> 0 | H77: =SUM(H75:H76) -> 0 | I77: =IF((H77-E77)=0,0,(IF(E77=(H77-E77)=0,1,(IF(E77=0,1,(H77-E77)/E77))))) -> 0
B79: GASTOS GENERALES | H79: EJECUTADO USD | I79: DESVÍO %
B80: 50 | C80: ADMINISTRACIÓN, LEGALES & CONTABLES | D80: =+Desglose!H1193 -> 0 | E80: =+Desglose!I1193 -> 0 | H80: =+Desglose!L1193 -> 0 | I80: =Desglose!N1176 -> 0
B81: 51 | C81: SEGUROS | D81: =+Desglose!H1201 -> 0 | E81: =+Desglose!I1201 -> 0 | H81: =+Desglose!L1201 -> 0 | I81: =Desglose!N1209 -> 0
B82: Subtotal GASTOS GENERALES | D82: =SUM(D80:D81) -> 0 | E82: =SUM(E80:E81) -> 0 | H82: =SUM(H80:H81) -> 0 | I82: =IF((H82-E82)=0,0,(IF(E82=(H82-E82)=0,1,(IF(E82=0,1,(H82-E82)/E82))))) -> 0
B85: SUB TOTALES | D85: =+D17+D35+D51+D67+D72+D77+D82 -> 0 | E85: =+E17+E35+E51+E67+E72+E77+E82 -> 0 | H85: =+H17+H35+H51+H67+H72+H77+H82 -> 0 | I85: =IF((H85-E85)=0,0,(IF(E85=(H85-E85)=0,1,(IF(E85=0,1,(H85-E85)/E85))))) -> 0
B87: IMPREVISTOS | C87: 0 | D87: =IF($C$87>0,$C$87*D85,0) -> 0
B89: PRESUPUESTO TOTAL ELEGIBLE UNIDADES INDEXADAS | E89: =E85*D92 -> 0 | H89: =SUM(H85) -> 0 | I89: =IF((H89-E89)=0,0,(IF(E89=(H89-E89)=0,1,(IF(E89=0,1,(H89-E89)/E89))))) -> 0
B91: FECHA
B92: VALOR DE LA UNIDAD INDEXADA
B93: impute en la celda naranja la fecha del último día hábil del mes anterior a la fecha de postulación
B94: impute en la celda verde el valor de la UI (unidad indexada) correspondiente a dicha fecha. Puede consultar el valor aquí.
C97: Total presupuesto elegible | D97: =+E85 -> 0 | E97: 1
C98: Honorarios Prod. Ej | D98: =+Desglose!I44+Desglose!I48 -> 0 | E98: =IF(D98>0,+D98*E97/D97,0) -> 0
C99: Recuerde que los honorarios en el rubro Prod. Ej. no podrán superar el 5% del monto total elegible.

Sheet Desglose
B2: Por favor, complete la información en las celdas amarillas. | N2: Control de ejecución
L4: El Ejecutado y la justificación no se completan en la postulación sino una vez se hayan ejecutado las actividades.
B6: RUBRO | C6: NOMBRE DEL RUBRO | D6: ELEGIBLE | E6: CANTIDAD | F6: UNIDAD | G6: COSTO USD X UNIDAD | H6: TOTAL USD | I6: TOTAL ELEGIBLE USD | J6: DESCRIPCIÓN | L6: EJECUTADO USD | M6: DESVÍO USD | N6: DESVÍO % | O6: JUSTIFICACIÓN DEL DESVÍO
B8: SOBRE LA LÍNEA
B10: 1 | C10: LIBRO - ARGUMENTO - GUION
B11: 1.1 | C11: Idea Original / Derechos de Obra Adaptada | D11: NO | H11: =E11*G11 -> 0 | I11: =IF(D11="SI",H11,0) -> 0 | L11: 0 | M11: =+L11-I11 -> 0 | N11: =IF(M11=0,0,(IF(I11=M11=0,1,(IF(I11=0,1,M11/I11))))) -> 0
B12: 1.2 | C12: Honorarios Guionista en Rodaje (ver tope en bases) | D12: NO | H12: =E12*G12 -> 0 | I12: =IF(D12="SI",H12,0) -> 0 | L12: 0 | M12: =+L12-I12 -> 0 | N12: =IF(M12=0,0,(IF(I12=M12=0,1,(IF(I12=0,1,M12/I12))))) -> 0
B13: 1.3 | C13: Copias de guion en preproduccion y rodaje | D13: NO | H13: =E13*G13 -> 0 | I13: =IF(D13="SI",H13,0) -> 0 | L13: 0 | M13: =+L13-I13 -> 0 | N13: =IF(M13=0,0,(IF(I13=M13=0,1,(IF(I13=0,1,M13/I13))))) -> 0
B14: 1.4 | C14: Story Board en preproducción y rodaje | D14: NO | H14: =E14*G14 -> 0 | I14: =IF(D14="SI",H14,0) -> 0 | L14: 0 | M14: =+L14-I14 -> 0 | N14: =IF(M14=0,0,(IF(I14=M14=0,1,(IF(I14=0,1,M14/I14))))) -> 0
B15: 1.5 | C15: Traducciones en preproducción y rodaje | D15: NO | H15: =E15*G15 -> 0 | I15: =IF(D15="SI",H15,0) -> 0 | L15: 0 | M15: =+L15-I15 -> 0 | N15: =IF(M15=0,0,(IF(I15=M15=0,1,(IF(I15=0,1,M15/I15))))) -> 0
B16: 1.6 | C16: Investigación en preproducción y rodaje | D16: NO | H16: =E16*G16 -> 0 | I16: =IF(D16="SI",H16,0) -> 0 | L16: 0 | M16: =+L16-I16 -> 0 | N16: =IF(M16=0,0,(IF(I16=M16=0,1,(IF(I16=0,1,M16/I16))))) -> 0
B17: 1.7 | C17: Diseñador | D17: NO | H17: =E17*G17 -> 0 | I17: =IF(D17="SI",H17,0) -> 0 | L17: 0 | M17: =+L17-I17 -> 0 | N17: =IF(M17=0,0,(IF(I17=M17=0,1,(IF(I17=0,1,M17/I17))))) -> 0
E18: SUBTOTALES: | H18: =SUM(H11:H17) -> 0 | I18: =SUM(I11:I17) -> 0 | L18: =SUM(L11:L17) -> 0 | M18: =SUM(M11:M17) -> 0 | N18: =IF(M18=0,0,(IF(I18=M18=0,1,(IF(I18=0,1,M18/I18))))) -> 0
B20: Puede ingresar 1 global en cualquiera de las etapas y aclarar en la "Descripción" que corresponde a todo el proyecto
B22: 2 | C22: DIRECCIÓN
B23: 2.1 | C23: Director | H23: =SUM(H24:H26) -> 0 | I23: =SUM(I24:I26) -> 0 | L23: =SUM(L24:L26) -> 0 | M23: =SUM(M24:M26) -> 0 | N23: =IF(M23=0,0,(IF(I23=M23=0,1,(IF(I23=0,1,M23/I23))))) -> 0
B24: 2.1.1 | C24: Pre Producción | D24: NO | H24: =E24*G24 -> 0 | I24: =IF(D24="SI",H24,0) -> 0 | L24: 0 | M24: =+L24-I24 -> 0 | N24: =IF(M24=0,0,(IF(I24=M24=0,1,(IF(I24=0,1,M24/I24))))) -> 0
B25: 2.1.2 | C25: Rodaje | D25: NO | H25: =E25*G25 -> 0 | I25: =IF(D25="SI",H25,0) -> 0 | L25: 0 | M25: =+L25-I25 -> 0 | N25: =IF(M25=0,0,(IF(I25=M25=0,1,(IF(I25=0,1,M25/I25))))) -> 0
B26: 2.1.3 | C26: Cierre | D26: NO | H26: =E26*G26 -> 0 | I26: =IF(D26="SI",H26,0) -> 0 | L26: 0 | M26: =+L26-I26 -> 0 | N26: =IF(M26=0,0,(IF(I26=M26=0,1,(IF(I26=0,1,M26/I26))))) -> 0
B27: 2.2 | C27: Asesor Técnico / Especializado | H27: =SUM(H28:H30) -> 0 | I27: =SUM(I28:I30) -> 0 | L27: =SUM(L28:L30) -> 0 | M27: =SUM(M28:M30) -> 0 | N27: =IF(M27=0,0,(IF(I27=M27=0,1,(IF(I27=0,1,M27/I27))))) -> 0
B28: 2.2.1 | C28: Pre Producción | D28: NO | H28: =E28*G28 -> 0 | I28: =IF(D28="SI",H28,0) -> 0 | L28: 0 | M28: =+L28-I28 -> 0 | N28: =IF(M28=0,0,(IF(I28=M28=0,1,(IF(I28=0,1,M28/I28))))) -> 0
B29: 2.2.2 | C29: Rodaje | D29: NO | H29: =E29*G29 -> 0 | I29: =IF(D29="SI",H29,0) -> 0 | L29: 0 | M29: =+L29-I29 -> 0 | N29: =IF(M29=0,0,(IF(I29=M29=0,1,(IF(I29=0,1,M29/I29))))) -> 0
B30: 2.2.3 | C30: Cierre | D30: NO | H30: =E30*G30 -> 0 | I30: =IF(D30="SI",H30,0) -> 0 | L30: 0 | M30: =+L30-I30 -> 0 | N30: =IF(M30=0,0,(IF(I30=M30=0,1,(IF(I30=0,1,M30/I30))))) -> 0
B31: 2.3 | C31: Entrenador de Diálogo y/o actuación | H31: =SUM(H32:H34) -> 0 | I31: =SUM(I32:I34) -> 0 | L31: =SUM(L32:L34) -> 0 | M31: =SUM(M32:M34) -> 0 | N31: =IF(M31=0,0,(IF(I31=M31=0,1,(IF(I31=0,1,M31/I31))))) -> 0
B32: 2.3.1 | C32: Pre Producción | D32: NO | H32: =E32*G32 -> 0 | I32: =IF(D32="SI",H32,0) -> 0 | L32: 0 | M32: =+L32-I32 -> 0 | N32: =IF(M32=0,0,(IF(I32=M32=0,1,(IF(I32=0,1,M32/I32))))) -> 0
B33: 2.3.2 | C33: Rodaje | D33: NO | H33: =E33*G33 -> 0 | I33: =IF(D33="SI",H33,0) -> 0 | L33: 0 | M33: =+L33-I33 -> 0 | N33: =IF(M33=0,0,(IF(I33=M33=0,1,(IF(I33=0,1,M33/I33))))) -> 0
B34: 2.3.3 | C34: Cierre | D34: NO | H34: =E34*G34 -> 0 | I34: =IF(D34="SI",H34,0) -> 0 | L34: 0 | M34: =+L34-I34 -> 0 | N34: =IF(M34=0,0,(IF(I34=M34=0,1,(IF(I34=0,1,M34/I34))))) -> 0
B35: 2.4 | C35: Otros, especificar | H35: =SUM(H36:H38) -> 0 | I35: =SUM(I36:I38) -> 0 | L35: =SUM(L36:L38) -> 0 | M35: =SUM(M36:M38) -> 0 | N35: =IF(M35=0,0,(IF(I35=M35=0,1,(IF(I35=0,1,M35/I35))))) -> 0
B36: 2.4.1 | C36: Pre Producción | D36: NO | H36: =E36*G36 -> 0 | I36: =IF(D36="SI",H36,0) -> 0 | L36: 0 | M36: =+L36-I36 -> 0 | N36: =IF(M36=0,0,(IF(I36=M36=0,1,(IF(I36=0,1,M36/I36))))) -> 0
B37: 2.4.2 | C37: Rodaje | D37: NO | H37: =E37*G37 -> 0 | I37: =IF(D37="SI",H37,0) -> 0 | L37: 0 | M37: =+L37-I37 -> 0 | N37: =IF(M37=0,0,(IF(I37=M37=0,1,(IF(I37=0,1,M37/I37))))) -> 0
B38: 2.4.3 | C38: Cierre | D38: NO | H38: =E38*G38 -> 0 | I38: =IF(D38="SI",H38,0) -> 0 | L38: 0 | M38: =+L38-I38 -> 0 | N38: =IF(M38=0,0,(IF(I38=M38=0,1,(IF(I38=0,1,M38/I38))))) -> 0
E39: SUBTOTALES: | H39: =+H35+H31+H27+H23 -> 0 | I39: =+I35+I31+I27+I23 -> 0 | L39: =+L23+L27+L31+L35 -> 0 | M39: =+M23+M27+M31+M35 -> 0 | N39: =IF(M39=0,0,(IF(I39=M39=0,1,(IF(I39=0,1,M39/I39))))) -> 0
B41: Puede ingresar 1 global en cualquiera de las etapas y aclarar en la "Descripción" que corresponde a todo el proyecto
B43: 3 | C43: PRODUCCIÓN EJECUTIVA
B44: 3.1 | C44: Productor Ejecutivo | H44: =SUM(H45:H47) -> 0 | I44: =SUM(I45:I47) -> 0 | L44: =SUM(L45:L47) -> 0 | M44: =SUM(M45:M47) -> 0 | N44: =IF(M44=0,0,(IF(I44=M44=0,1,(IF(I44=0,1,M44/I44))))) -> 0
B45: 3.1.1 | C45: Pre Producción | D45: NO | H45: =E45*G45 -> 0 | I45: =IF(D45="SI",H45,0) -> 0 | L45: 0 | M45: =+L45-I45 -> 0 | N45: =IF(M45=0,0,(IF(I45=M45=0,1,(IF(I45=0,1,M45/I45))))) -> 0
B46: 3.1.2 | C46: Rodaje | D46: NO | H46: =E46*G46 -> 0 | I46: =IF(D46="SI",H46,0) -> 0 | L46: 0 | M46: =+L46-I46 -> 0 | N46: =IF(M46=0,0,(IF(I46=M46=0,1,(IF(I46=0,1,M46/I46))))) -> 0
B47: 3.1.3 | C47: Cierre | D47: NO | H47: =E47*G47 -> 0 | I47: =IF(D47="SI",H47,0) -> 0 | L47: 0 | M47: =+L47-I47 -> 0 | N47: =IF(M47=0,0,(IF(I47=M47=0,1,(IF(I47=0,1,M47/I47))))) -> 0
B48: 3.2 | C48: Asistente de Producción Ejecutiva | H48: =SUM(H49:H51) -> 0 | I48: =SUM(I49:I51) -> 0 | L48: =SUM(L49:L51) -> 0 | M48: =SUM(M49:M51) -> 0 | N48: =IF(M48=0,0,(IF(I48=M48=0,1,(IF(I48=0,1,M48/I48))))) -> 0
B49: 3.2.1 | C49: Pre Producción | D49: NO | H49: =E49*G49 -> 0 | I49: =IF(D49="SI",H49,0) -> 0 | L49: 0 | M49: =+L49-I49 -> 0 | N49: =IF(M49=0,0,(IF(I49=M49=0,1,(IF(I49=0,1,M49/I49))))) -> 0
B50: 3.2.2 | C50: Rodaje | D50: NO | H50: =E50*G50 -> 0 | I50: =IF(D50="SI",H50,0) -> 0 | L50: 0 | M50: =+L50-I50 -> 0 | N50: =IF(M50=0,0,(IF(I50=M50=0,1,(IF(I50=0,1,M50/I50))))) -> 0
B51: 3.2.3 | C51: Cierre | D51: NO | H51: =E51*G51 -> 0 | I51: =IF(D51="SI",H51,0) -> 0 | L51: 0 | M51: =+L51-I51 -> 0 | N51: =IF(M51=0,0,(IF(I51=M51=0,1,(IF(I51=0,1,M51/I51))))) -> 0
B52: 3.3 | C52: Line Producer | H52: =SUM(H53:H55) -> 0 | I52: =SUM(I53:I55) -> 0 | L52: =SUM(L53:L55) -> 0 | M52: =SUM(M53:M55) -> 0 | N52: =IF(M52=0,0,(IF(I52=M52=0,1,(IF(I52=0,1,M52/I52))))) -> 0
B53: 3.3.1 | C53: Pre Producción | D53: NO | H53: =E53*G53 -> 0 | I53: =IF(D53="SI",H53,0) -> 0 | L53: 0 | M53: =+L53-I53 -> 0 | N53: =IF(M53=0,0,(IF(I53=M53=0,1,(IF(I53=0,1,M53/I53))))) -> 0
B54: 3.3.2 | C54: Rodaje | D54: NO | H54: =E54*G54 -> 0 | I54: =IF(D54="SI",H54,0) -> 0 | L54: 0 | M54: =+L54-I54 -> 0 | N54: =IF(M54=0,0,(IF(I54=M54=0,1,(IF(I54=0,1,M54/I54))))) -> 0
B55: 3.3.3 | C55: Cierre | D55: NO | H55: =E55*G55 -> 0 | I55: =IF(D55="SI",H55,0) -> 0 | L55: 0 | M55: =+L55-I55 -> 0 | N55: =IF(M55=0,0,(IF(I55=M55=0,1,(IF(I55=0,1,M55/I55))))) -> 0
B56: 3.4 | C56: Asistente de Line Producer | H56: =SUM(H57:H59) -> 0 | I56: =SUM(I57:I59) -> 0 | L56: =SUM(L57:L59) -> 0 | M56: =SUM(M57:M59) -> 0 | N56: =IF(M56=0,0,(IF(I56=M56=0,1,(IF(I56=0,1,M56/I56))))) -> 0
B57: 3.4.1 | C57: Pre Producción | D57: NO | H57: =E57*G57 -> 0 | I57: =IF(D57="SI",H57,0) -> 0 | L57: 0 | M57: =+L57-I57 -> 0 | N57: =IF(M57=0,0,(IF(I57=M57=0,1,(IF(I57=0,1,M57/I57))))) -> 0
B58: 3.4.2 | C58: Rodaje | D58: NO | H58: =E58*G58 -> 0 | I58: =IF(D58="SI",H58,0) -> 0 | L58: 0 | M58: =+L58-I58 -> 0 | N58: =IF(M58=0,0,(IF(I58=M58=0,1,(IF(I58=0,1,M58/I58))))) -> 0
B59: 3.4.3 | C59: Cierre | D59: NO | H59: =E59*G59 -> 0 | I59: =IF(D59="SI",H59,0) -> 0 | L59: 0 | M59: =+L59-I59 -> 0 | N59: =IF(M59=0,0,(IF(I59=M59=0,1,(IF(I59=0,1,M59/I59))))) -> 0
E60: SUBTOTALES: | F60: SUBTOTALES | H60: =+H56+H52+H48+H44 -> 0 | I60: =+I56+I52+I48+I44 -> 0 | L60: =+L56+L52+L48+L44 -> 0 | M60: =+M56+M52+M48+M44 -> 0 | N60: =IF(M60=0,0,(IF(I60=M60=0,1,(IF(I60=0,1,M60/I60))))) -> 0
B63: 4 | C63: GASTOS DE CASTING & ELENCO
B64: 4.1 | C64: Director de Casting | H64: =SUM(H65:H68) -> 0 | I64: =SUM(I65:I68) -> 0 | L64: =SUM(L65:L68) -> 0 | M64: =SUM(M65:M68) -> 0 | N64: =IF(M64=0,0,(IF(I64=M64=0,1,(IF(I64=0,1,M64/I64))))) -> 0
B65: 4.1.1 | C65: Rodaje | D65: NO | H65: =E65*G65 -> 0 | I65: =IF(D65="SI",H65,0) -> 0 | L65: 0 | M65: =+L65-I65 -> 0 | N65: =IF(M65=0,0,(IF(I65=M65=0,1,(IF(I65=0,1,M65/I65))))) -> 0
B66: 4.1.2 | C66: Cierre | D66: NO | H66: =E66*G66 -> 0 | I66: =IF(D66="SI",H66,0) -> 0 | L66: 0 | M66: =+L66-I66 -> 0 | N66: =IF(M66=0,0,(IF(I66=M66=0,1,(IF(I66=0,1,M66/I66))))) -> 0
B67: 4.1.3 | C67: Horas extras | D67: NO | H67: =E67*G67 -> 0 | I67: =IF(D67="SI",H67,0) -> 0 | L67: 0 | M67: =+L67-I67 -> 0 | N67: =IF(M67=0,0,(IF(I67=M67=0,1,(IF(I67=0,1,M67/I67))))) -> 0
B68: 4.1.4 | C68: Nocturnidad | D68: NO | H68: =E68*G68 -> 0 | I68: =IF(D68="SI",H68,0) -> 0 | L68: 0 | M68: =+L68-I68 -> 0 | N68: =IF(M68=0,0,(IF(I68=M68=0,1,(IF(I68=0,1,M68/I68))))) -> 0
B69: 4.2 | C69: Asistente de Casting | H69: =SUM(H70:H73) -> 0 | I69: =SUM(I70:I73) -> 0 | L69: =SUM(L70:L73) -> 0 | M69: =SUM(M70:M73) -> 0 | N69: =IF(M69=0,0,(IF(I69=M69=0,1,(IF(I69=0,1,M69/I69))))) -> 0
B70: 4.2.1 | C70: Rodaje | D70: NO | H70: =E70*G70 -> 0 | I70: =IF(D70="SI",H70,0) -> 0 | L70: 0 | M70: =+L70-I70 -> 0 | N70: =IF(M70=0,0,(IF(I70=M70=0,1,(IF(I70=0,1,M70/I70))))) -> 0
B71: 4.2.2 | C71: Cierre | D71: NO | H71: =E71*G71 -> 0 | I71: =IF(D71="SI",H71,0) -> 0 | L71: 0 | M71: =+L71-I71 -> 0 | N71: =IF(M71=0,0,(IF(I71=M71=0,1,(IF(I71=0,1,M71/I71))))) -> 0
B72: 4.2.3 | C72: Horas extras | D72: NO | H72: =E72*G72 -> 0 | I72: =IF(D72="SI",H72,0) -> 0 | L72: 0 | M72: =+L72-I72 -> 0 | N72: =IF(M72=0,0,(IF(I72=M72=0,1,(IF(I72=0,1,M72/I72))))) -> 0
B73: 4.2.4 | C73: Nocturnidad | D73: NO | H73: =E73*G73 -> 0 | I73: =IF(D73="SI",H73,0) -> 0 | L73: 0 | M73: =+L73-I73 -> 0 | N73: =IF(M73=0,0,(IF(I73=M73=0,1,(IF(I73=0,1,M73/I73))))) -> 0
B74: 4.3 | C74: Asistente de elenco | H74: =SUM(H75:H78) -> 0 | I74: =SUM(I75:I78) -> 0 | L74: =SUM(L75:L78) -> 0 | M74: =SUM(M75:M78) -> 0 | N74: =IF(M74=0,0,(IF(I74=M74=0,1,(IF(I74=0,1,M74/I74))))) -> 0
B75: 4.3.1 | C75: Rodaje | D75: NO | H75: =E75*G75 -> 0 | I75: =IF(D75="SI",H75,0) -> 0 | L75: 0 | M75: =+L75-I75 -> 0 | N75: =IF(M75=0,0,(IF(I75=M75=0,1,(IF(I75=0,1,M75/I75))))) -> 0
B76: 4.3.2 | C76: Cierre | D76: NO | H76: =E76*G76 -> 0 | I76: =IF(D76="SI",H76,0) -> 0 | L76: 0 | M76: =+L76-I76 -> 0 | N76: =IF(M76=0,0,(IF(I76=M76=0,1,(IF(I76=0,1,M76/I76))))) -> 0
B77: 4.3.3 | C77: Horas extras | D77: NO | H77: =E77*G77 -> 0 | I77: =IF(D77="SI",H77,0) -> 0 | L77: 0 | M77: =+L77-I77 -> 0 | N77: =IF(M77=0,0,(IF(I77=M77=0,1,(IF(I77=0,1,M77/I77))))) -> 0
B78: 4.3.4 | C78: Nocturnidad | D78: NO | H78: =E78*G78 -> 0 | I78: =IF(D78="SI",H78,0) -> 0 | L78: 0 | M78: =+L78-I78 -> 0 | N78: =IF(M78=0,0,(IF(I78=M78=0,1,(IF(I78=0,1,M78/I78))))) -> 0
B79: 4.4 | C79: Elenco | H79: =+SUM(H80:H84) -> 0 | I79: =+SUM(I80:I84) -> 0 | L79: =+SUM(L80:L84) -> 0 | M79: =+SUM(M80:M84) -> 0 | N79: =IF(M79=0,0,(IF(I79=M79=0,1,(IF(I79=0,1,M79/I79))))) -> 0
B80: 4.4.1 | C80: Protagónicos | D80: NO | H80: =E80*G80 -> 0 | I80: =IF(D80="SI",H80,0) -> 0 | L80: 0 | M80: =+L80-I80 -> 0 | N80: =IF(M80=0,0,(IF(I80=M80=0,1,(IF(I80=0,1,M80/I80))))) -> 0
B81: 4.4.2 | C81: Co protagónicos | D81: NO | H81: =E81*G81 -> 0 | I81: =IF(D81="SI",H81,0) -> 0 | L81: 0 | M81: =+L81-I81 -> 0 | N81: =IF(M81=0,0,(IF(I81=M81=0,1,(IF(I81=0,1,M81/I81))))) -> 0
B82: 4.4.3 | C82: Reparto | D82: NO | H82: =E82*G82 -> 0 | I82: =IF(D82="SI",H82,0) -> 0 | L82: 0 | M82: =+L82-I82 -> 0 | N82: =IF(M82=0,0,(IF(I82=M82=0,1,(IF(I82=0,1,M82/I82))))) -> 0
B83: 4.4.4 | C83: Complementarios | D83: NO | H83: =E83*G83 -> 0 | I83: =IF(D83="SI",H83,0) -> 0 | L83: 0 | M83: =+L83-I83 -> 0 | N83: =IF(M83=0,0,(IF(I83=M83=0,1,(IF(I83=0,1,M83/I83))))) -> 0
B84: 4.4.5 | C84: Figurantes Señalados | D84: NO | H84: =E84*G84 -> 0 | I84: =IF(D84="SI",H84,0) -> 0 | L84: 0 | M84: =+L84-I84 -> 0 | N84: =IF(M84=0,0,(IF(I84=M84=0,1,(IF(I84=0,1,M84/I84))))) -> 0
B85: 4.5 | C85: Ensayos / Pruebas de vestuario, maquillaje y pelo | D85: NO | H85: =+G85*E85 -> 0 | I85: =IF(D85="SI",H85,0) -> 0 | L85: 0 | M85: =+L85-I85 -> 0 | N85: =IF(M85=0,0,(IF(I85=M85=0,1,(IF(I85=0,1,M85/I85))))) -> 0
B86: 4.6 | C86: Coach elenco | D86: NO | H86: =+G86*E86 -> 0 | I86: =IF(D86="SI",H86,0) -> 0 | L86: 0 | M86: =+L86-I86 -> 0 | N86: =IF(M86=0,0,(IF(I86=M86=0,1,(IF(I86=0,1,M86/I86))))) -> 0
B87: 4.7 | C87: Coreógrafo | D87: NO | H87: =+G87*E87 -> 0 | I87: =IF(D87="SI",H87,0) -> 0 | L87: 0 | M87: =+L87-I87 -> 0 | N87: =IF(M87=0,0,(IF(I87=M87=0,1,(IF(I87=0,1,M87/I87))))) -> 0
B88: 4.8 | C88: Gastos de casting | D88: NO | H88: =+G88*E88 -> 0 | I88: =IF(D88="SI",H88,0) -> 0 | L88: 0 | M88: =+L88-I88 -> 0 | N88: =IF(M88=0,0,(IF(I88=M88=0,1,(IF(I88=0,1,M88/I88))))) -> 0
B89: 4.9 | C89: Gastos asociados a celebridades | D89: NO | H89: =+G89*E89 -> 0 | I89: =IF(D89="SI",H89,0) -> 0 | L89: 0 | M89: =+L89-I89 -> 0 | N89: =IF(M89=0,0,(IF(I89=M89=0,1,(IF(I89=0,1,M89/I89))))) -> 0
B90: 4.1 | C90: Cargas Sociales y/o Impositivas | D90: NO | H90: =+G90*E90 -> 0 | I90: =IF(D90="SI",H90,0) -> 0 | L90: 0 | M90: 0 | N90: =IF(M90=0,0,(IF(I90=M90=0,1,(IF(I90=0,1,M90/I90))))) -> 0
B91: 4.11 | C91: Otros, especificar | D91: NO | H91: =+G91*E91 -> 0 | I91: =IF(D91="SI",H91,0) -> 0 | L91: 0 | M91: =+L91-I91 -> 0 | N91: =IF(M91=0,0,(IF(I91=M91=0,1,(IF(I91=0,1,M91/I91))))) -> 0
E92: SUBTOTALES: | F92: SUBTOTALES | H92: =+H74+H69+H64+H79+SUM(H85:H91) -> 0 | I92: =+I74+I69+I64+I79+SUM(I85:I91) -> 0 | L92: =+L74+L69+L64+L79+SUM(L85:L91) -> 0 | M92: =+M74+M69+M64+M79+SUM(M85:M91) -> 0 | N92: =IF(M92=0,0,(IF(I92=M92=0,1,(IF(I92=0,1,M92/I92))))) -> 0
B94: PRODUCCIÓN Y PRE PRODUCCIÓN
B96: 5 | C96: ELENCO EXTRAS
B97: 5.1 | C97: Stand-ins | D97: NO | H97: =E97*G97 -> 0 | I97: =IF(D97="SI",H97,0) -> 0 | L97: 0 | M97: =+L97-I97 -> 0 | N97: =IF(M97=0,0,(IF(I97=M97=0,1,(IF(I97=0,1,M97/I97))))) -> 0
B98: 5.2 | C98: Extras | D98: NO | H98: =E98*G98 -> 0 | I98: =IF(D98="SI",H98,0) -> 0 | L98: 0 | M98: =+L98-I98 -> 0 | N98: =IF(M98=0,0,(IF(I98=M98=0,1,(IF(I98=0,1,M98/I98))))) -> 0
B99: 5.3 | C99: Extras calificados | D99: NO | H99: =E99*G99 -> 0 | I99: =IF(D99="SI",H99,0) -> 0 | L99: 0 | M99: =+L99-I99 -> 0 | N99: =IF(M99=0,0,(IF(I99=M99=0,1,(IF(I99=0,1,M99/I99))))) -> 0
B100: 5.4 | C100: Bailarines | D100: NO | H100: =E100*G100 -> 0 | I100: =IF(D100="SI",H100,0) -> 0 | L100: 0 | M100: =+L100-I100 -> 0 | N100: =IF(M100=0,0,(IF(I100=M100=0,1,(IF(I100=0,1,M100/I100))))) -> 0
B101: 5.5 | C101: Dobles de riesgo | D101: NO | H101: =E101*G101 -> 0 | I101: =IF(D101="SI",H101,0) -> 0 | L101: 0 | M101: =+L101-I101 -> 0 | N101: =IF(M101=0,0,(IF(I101=M101=0,1,(IF(I101=0,1,M101/I101))))) -> 0
B102: 5.6 | C102: Otros, especificar | D102: NO | H102: =E102*G102 -> 0 | I102: =IF(D102="SI",H102,0) -> 0 | L102: 0 | M102: =+L102-I102 -> 0 | N102: =IF(M102=0,0,(IF(I102=M102=0,1,(IF(I102=0,1,M102/I102))))) -> 0
E103: SUBTOTALES: | F103: SUBTOTALES | H103: =SUM(H97:H102) -> 0 | I103: =SUM(I97:I102) -> 0 | L103: =SUM(L97:L102) -> 0 | M103: =SUM(M97:M102) -> 0 | N103: =IF(M103=0,0,(IF(I103=M103=0,1,(IF(I103=0,1,M103/I103))))) -> 0
B107: Completar el monto del laudo estándar acordado con Gremiocine, en la celda naranja de cada rol en la columna titulada "Laudo por día rodaje"
B109: 6 | C109: EQUIPO TÉCNICO | E109: CANTIDAD | F109: GL/DIAS/HORAS | G109: LAUDO por día rodaje
B110: 6.1 | C110: 1er Asistente de Dirección | H110: =SUM(H111:H116) -> 0 | I110: =SUM(I111:I116) -> 0 | L110: =SUM(L111:L116) -> 0 | M110: =SUM(M111:M116) -> 0 | N110: =IF(M110=0,0,(IF(I110=M110=0,1,(IF(I110=0,1,M110/I110))))) -> 0
B111: 6.1.1 | C111: Pre Producción | D111: NO | H111: =E111*G111 -> 0 | I111: =IF(D111="SI",H111,0) -> 0 | L111: 0 | M111: =+L111-I111 -> 0 | N111: =IF(M111=0,0,(IF(I111=M111=0,1,(IF(I111=0,1,M111/I111))))) -> 0
B112: 6.1.2 | C112: Rodaje | D112: NO | F112: dias | H112: =E112*G112 -> 0 | I112: =IF(D112="SI",H112,0) -> 0 | L112: 0 | M112: =+L112-I112 -> 0 | N112: =IF(M112=0,0,(IF(I112=M112=0,1,(IF(I112=0,1,M112/I112))))) -> 0
B113: 6.1.3 | C113: Cierre | D113: NO | H113: =E113*G113 -> 0 | I113: =IF(D113="SI",H113,0) -> 0 | L113: 0 | M113: =+L113-I113 -> 0 | N113: =IF(M113=0,0,(IF(I113=M113=0,1,(IF(I113=0,1,M113/I113))))) -> 0
B114: 6.1.4 | C114: Horas extras | D114: NO | F114: horas | H114: =E114*G114 -> 0 | I114: =IF(D114="SI",H114,0) -> 0 | L114: 0 | M114: =+L114-I114 -> 0 | N114: =IF(M114=0,0,(IF(I114=M114=0,1,(IF(I114=0,1,M114/I114))))) -> 0
B115: 6.1.5 | C115: Nocturnidad | D115: NO | H115: =E115*G115 -> 0 | I115: =IF(D115="SI",H115,0) -> 0 | L115: 0 | M115: =+L115-I115 -> 0 | N115: =IF(M115=0,0,(IF(I115=M115=0,1,(IF(I115=0,1,M115/I115))))) -> 0
B116: 6.1.6 | C116: Horas extras nocturnas | D116: NO | H116: =E116*G116 -> 0 | I116: =IF(D116="SI",H116,0) -> 0 | L116: 0 | M116: =+L116-I116 -> 0 | N116: =IF(M116=0,0,(IF(I116=M116=0,1,(IF(I116=0,1,M116/I116))))) -> 0
B117: 6.2 | C117: Planner | H117: =SUM(H118:H123) -> 0 | I117: =SUM(I118:I123) -> 0 | L117: =SUM(L118:L123) -> 0 | M117: =SUM(M118:M123) -> 0 | N117: =IF(M117=0,0,(IF(I117=M117=0,1,(IF(I117=0,1,M117/I117))))) -> 0
...

Sheet Animación
B2: GASTOS PROYECTOS EXCLUSIVAMENTE DE FORMATO ANIMACIÓN / PRESUPUESTO DE POSTULACIÓN
B4: Por favor, complete la información en las celdas amarillas. | N4: Control de ejecución
B7: RUBRO | C7: NOMBRE DEL RUBRO | D7: ELEGIBLE | E7: CANTIDAD | F7: UNIDAD | G7: COSTO USD X UNIDAD | H7: TOTAL USD | I7: TOTAL ELEGIBLE USD | J7: DESCRIPCIÓN | L7: EJECUTADO USD | M7: DESVÍO USD | N7: DESVÍO % | O7: JUSTIFICACIÓN DEL DESVÍO
B10: 33 | C10: PRODUCCIÓN EJECUTIVA
B11: =+B10+0.1 -> 33.1 | C11: Productor Ejecutivo | D11: NO | H11: =G11*E11 -> 0 | I11: =IF(D11="SI",H11,0) -> 0 | L11: 0 | M11: =+L11-I11 -> 0 | N11: =IFERROR((M11/I11),0) -> 0
B12: =+B11+0.1 -> 33.2 | C12: Asistente de Producción Ejecutiva | D12: NO | H12: =G12*E12 -> 0 | I12: =IF(D12="SI",H12,0) -> 0 | L12: 0 | M12: =+L12-I12 -> 0 | N12: =IFERROR((M12/I12),0) -> 0
B13: =+B12+0.1 -> 33.3 | C13: Line Producer | D13: NO | H13: =G13*E13 -> 0 | I13: =IF(D13="SI",H13,0) -> 0 | L13: 0 | M13: =+L13-I13 -> 0 | N13: =IFERROR((M13/I13),0) -> 0
B14: =+B13+0.1 -> 33.4 | C14: Asistente de Line Producer | D14: NO | H14: =G14*E14 -> 0 | I14: =IF(D14="SI",H14,0) -> 0 | L14: 0 | M14: =+L14-I14 -> 0 | N14: =IFERROR((M14/I14),0) -> 0
B15: =+B14+0.1 -> 33.5 | C15: Otros | D15: NO | H15: =G15*E15 -> 0 | I15: =IF(D15="SI",H15,0) -> 0 | L15: 0 | M15: =+L15-I15 -> 0 | N15: =IFERROR((M15/I15),0) -> 0
E16: SUBTOTALES: | H16: =SUM(H11:H15) -> 0 | I16: =SUM(I11:I15) -> 0 | L16: =SUM(L11:L15) -> 0 | M16: =SUM(M11:M15) -> 0 | N16: =IF(M16=0,0,(IF(I16=M16=0,1,(IF(I16=0,1,M16/I16))))) -> 0
B18: 34 | C18: CABEZAS DE EQUIPO
B19: =+B18+0.1 -> 34.1 | C19: Director de arte | D19: NO | H19: =G19*E19 -> 0 | I19: =IF(D19="SI",H19,0) -> 0 | L19: 0 | M19: =+L23-I19 -> 0 | N19: =IFERROR((M19/I19),0) -> 0
B20: =+B19+0.1 -> 34.2 | C20: Asistente de Director de arte | D20: NO | H20: =G20*E20 -> 0 | I20: =IF(D20="SI",H20,0) -> 0 | L20: 0 | M20: =+L20-I20 -> 0 | N20: =IFERROR((M20/I20),0) -> 0
B21: =+B20+0.1 -> 34.3 | C21: Director | D21: NO | H21: =G21*E21 -> 0 | I21: =IF(D21="SI",H21,0) -> 0 | L21: 0 | M21: =+L21-I21 -> 0 | N21: =IFERROR((M21/I21),0) -> 0
B22: =+B21+0.1 -> 34.4 | C22: Director de Línea | D22: NO | H22: =G22*E22 -> 0 | I22: =IF(D22="SI",H22,0) -> 0 | L22: 0 | M22: =+L22-I22 -> 0 | N22: =IFERROR((M22/I22),0) -> 0
B23: =+B22+0.1 -> 34.5 | C23: Asistente Director de Línea | D23: NO | H23: =G23*E23 -> 0 | I23: =IF(D23="SI",H23,0) -> 0 | L23: 0 | M23: =+L23-I23 -> 0 | N23: =IFERROR((M23/I23),0) -> 0
B24: =+B23+0.1 -> 34.6 | C24: Otros, especificar | D24: NO | H24: =G24*E24 -> 0 | I24: =IF(D24="SI",H24,0) -> 0 | L24: 0 | M24: =+L24-I24 -> 0 | N24: =IFERROR((M24/I24),0) -> 0
E25: SUBTOTALES: | H25: =SUM(H19:H24) -> 0 | I25: =SUM(I19:I24) -> 0 | L25: =SUM(L19:L24) -> 0 | M25: =SUM(M19:M24) -> 0 | N25: =IF(M25=0,0,(IF(I25=M25=0,1,(IF(I25=0,1,M25/I25))))) -> 0
B27: 35 | C27: PRE PRODUCCIÓN ANIMACIÓN
B28: =+B27+0.1 -> 35.1 | C28: Rensponsable de Animatic | D28: NO | H28: =G28*E28 -> 0 | I28: =IF(D28="SI",H28,0) -> 0 | L28: 0 | M28: =+L28-I28 -> 0 | N28: =IFERROR((M28/I28),0) -> 0
B29: =+B28+0.1 -> 35.2 | C29: Responsable Diseño de personajes | D29: NO | H29: =G29*E29 -> 0 | I29: =IF(D29="SI",H29,0) -> 0 | L29: 0 | M29: =+L29-I29 -> 0 | N29: =IFERROR((M29/I29),0) -> 0
B30: =+B29+0.1 -> 35.3 | C30: Responsable Diseño de set, vestuario, estructuras, rigging | D30: NO | H30: =G30*E30 -> 0 | I30: =IF(D30="SI",H30,0) -> 0 | L30: 0 | M30: =+L30-I30 -> 0 | N30: =IFERROR((M30/I30),0) -> 0
B31: =+B30+0.1 -> 35.4 | C31: Storyboard | D31: NO | H31: =G31*E31 -> 0 | I31: =IF(D31="SI",H31,0) -> 0 | L31: 0 | M31: =+L31-I31 -> 0 | N31: =IFERROR((M31/I31),0) -> 0
B32: =+B31+0.1 -> 35.5 | C32: otros, especificar | D32: NO | H32: =G32*E32 -> 0 | I32: =IF(D32="SI",H32,0) -> 0 | L32: 0 | M32: =+L32-I32 -> 0 | N32: =IFERROR((M32/I32),0) -> 0
E33: SUBTOTALES: | H33: =SUM(H28:H32) -> 0 | I33: =SUM(I28:I32) -> 0 | L33: =SUM(L28:L32) -> 0 | M33: =SUM(M28:M32) -> 0 | N33: =IF(M33=0,0,(IF(I33=M33=0,1,(IF(I33=0,1,M33/I33))))) -> 0
B35: 36 | C35: STOP MOTION DISEÑO DE SET & ESCENOGRAFÍA
B36: =+B35+0.1 -> 36.1 | C36: Investigación, Bocetos, renders | D36: NO | H36: =G36*E36 -> 0 | I36: =IF(D36="SI",H36,0) -> 0 | L36: 0 | M36: =+L36-I36 -> 0 | N36: =IFERROR((M36/I36),0) -> 0
B37: =+B36+0.1 -> 36.2 | C37: Compras - consumibles | D37: NO | H37: =G37*E37 -> 0 | I37: =IF(D37="SI",H37,0) -> 0 | L37: 0 | M37: =+L37-I37 -> 0 | N37: =IFERROR((M37/I37),0) -> 0
B38: =+B37+0.1 -> 36.3 | C38: Alquileres | D38: NO | H38: =G38*E38 -> 0 | I38: =IF(D38="SI",H38,0) -> 0 | L38: 0 | M38: =+L38-I38 -> 0 | N38: =IFERROR((M38/I38),0) -> 0
B39: =+B38+0.1 -> 36.4 | C39: Taxis, Uber, etc. | D39: NO | H39: =G39*E39 -> 0 | I39: =IF(D39="SI",H39,0) -> 0 | L39: 0 | M39: =+L39-I39 -> 0 | N39: =IFERROR((M39/I39),0) -> 0
B40: =+B39+0.1 -> 36.5 | C40: Compras - consumibles | D40: NO | H40: =G40*E40 -> 0 | I40: =IF(D40="SI",H40,0) -> 0 | L40: 0 | M40: =+L40-I40 -> 0 | N40: =IFERROR((M40/I40),0) -> 0
B41: =+B40+0.1 -> 36.6 | C41: Alquiler de máquinas y herramientas | D41: NO | H41: =G41*E41 -> 0 | I41: =IF(D41="SI",H41,0) -> 0 | L41: 0 | M41: =+L41-I41 -> 0 | N41: =IFERROR((M41/I41),0) -> 0
B42: =+B41+0.1 -> 36.7 | C42: Alquiler de depósitos | D42: NO | H42: =G42*E42 -> 0 | I42: =IF(D42="SI",H42,0) -> 0 | L42: 0 | M42: =+L42-I42 -> 0 | N42: =IFERROR((M42/I42),0) -> 0
B43: =+B42+0.1 -> 36.8 | C43: Alquiler de talleres | D43: NO | H43: =G43*E43 -> 0 | I43: =IF(D43="SI",H43,0) -> 0 | L43: 0 | M43: =+L43-I43 -> 0 | N43: =IFERROR((M43/I43),0) -> 0
B44: =+B43+0.1 -> 36.9 | C44: Faltantes & roturas | D44: NO | H44: =G44*E44 -> 0 | I44: =IF(D44="SI",H44,0) -> 0 | L44: 0 | M44: =+L44-I44 -> 0 | N44: =IFERROR((M44/I44),0) -> 0
B45: 36.1 | C45: Otros, especificar | D45: NO | H45: =G45*E45 -> 0 | I45: =IF(D45="SI",H45,0) -> 0 | L45: 0 | M45: =+L45-I45 -> 0 | N45: =IFERROR((M45/I45),0) -> 0
E46: SUBTOTALES: | H46: =SUM(H36:H45) -> 0 | I46: =SUM(I36:I45) -> 0 | L46: =SUM(L36:L45) -> 0 | M46: =SUM(M36:M45) -> 0 | N46: =IF(M46=0,0,(IF(I46=M46=0,1,(IF(I46=0,1,M46/I46))))) -> 0
B48: 37 | C48: ANIMACIÓN EQUIPAMIENTO
B49: =+B48+0.1 -> 37.1 | C49: Alquiler de equipo | D49: NO | H49: =G49*E49 -> 0 | I49: =IF(D49="SI",H49,0) -> 0 | L49: 0 | M49: =+L49-I49 -> 0 | N49: =IFERROR((M49/I49),0) -> 0
B50: =+B49+0.1 -> 37.2 | C50: Alquiler Isla de edición | D50: NO | H50: =G50*E50 -> 0 | I50: =IF(D50="SI",H50,0) -> 0 | L50: 0 | M50: =+L50-I50 -> 0 | N50: =IFERROR((M50/I50),0) -> 0
B51: =+B50+0.1 -> 37.3 | C51: Alquiler equipo data management on set | D51: NO | H51: =G51*E51 -> 0 | I51: =IF(D51="SI",H51,0) -> 0 | L51: 0 | M51: =+L51-I51 -> 0 | N51: =IFERROR((M51/I51),0) -> 0
B52: =+B51+0.1 -> 37.4 | C52: Alquiler equipo de sonido | D52: NO | H52: =G52*E52 -> 0 | I52: =IF(D52="SI",H52,0) -> 0 | L52: 0 | M52: =+L52-I52 -> 0 | N52: =IFERROR((M52/I52),0) -> 0
B53: =+B52+0.1 -> 37.5 | C53: Consumos | D53: NO | H53: =G53*E53 -> 0 | I53: =IF(D53="SI",H53,0) -> 0 | L53: 0 | M53: =+L53-I53 -> 0 | N53: =IFERROR((M53/I53),0) -> 0
B54: =+B53+0.1 -> 37.6 | C54: Perdidas y Roturas | D54: NO | H54: =G54*E54 -> 0 | I54: =IF(D54="SI",H54,0) -> 0 | L54: 0 | M54: =+L54-I54 -> 0 | N54: =IFERROR((M54/I54),0) -> 0
B55: =+B54+0.1 -> 37.7 | C55: Otros, especificar | D55: NO | H55: =G55*E55 -> 0 | I55: =IF(D55="SI",H55,0) -> 0 | L55: 0 | M55: =+L55-I55 -> 0 | N55: =IFERROR((M55/I55),0) -> 0
E56: SUBTOTALES: | H56: =SUM(H49:H55) -> 0 | I56: =SUM(I49:I55) -> 0 | L56: =SUM(L49:L55) -> 0 | M56: =SUM(M49:M55) -> 0 | N56: =IF(M56=0,0,(IF(I56=M56=0,1,(IF(I56=0,1,M56/I56))))) -> 0
B58: 38 | C58: ANIMACIÓN EQUIPO PRODUCCIÓN
B59: =+B58+0.1 -> 38.1 | C59: Asistente de arte | D59: NO | H59: =G59*E59 -> 0 | I59: =IF(D59="SI",H59,0) -> 0 | L59: 0 | M59: =+L59-I59 -> 0 | N59: =IFERROR((M59/I59),0) -> 0
B60: =+B59+0.1 -> 38.2 | C60: Asistentes de animación | D60: NO | H60: =G60*E60 -> 0 | I60: =IF(D60="SI",H60,0) -> 0 | L60: 0 | M60: =+L60-I60 -> 0 | N60: =IFERROR((M60/I60),0) -> 0
B61: =+B60+0.1 -> 38.3 | C61: Ilustradores | D61: NO | H61: =G61*E61 -> 0 | I61: =IF(D61="SI",H61,0) -> 0 | L61: 0 | M61: =+L61-I61 -> 0 | N61: =IFERROR((M61/I61),0) -> 0
B62: =+B61+0.1 -> 38.4 | C62: Animation Rough | D62: NO | H62: =G62*E62 -> 0 | I62: =IF(D62="SI",H62,0) -> 0 | L62: 0 | M62: =+L62-I62 -> 0 | N62: =IFERROR((M62/I62),0) -> 0
B63: =+B62+0.1 -> 38.5 | C63: Realizador de personajes (3D, Modelado , construcción) | D63: NO | H63: =G63*E63 -> 0 | I63: =IF(D63="SI",H63,0) -> 0 | L63: 0 | M63: =+L63-I63 -> 0 | N63: =IFERROR((M63/I63),0) -> 0
B64: =+B63+0.1 -> 38.6 | C64: Otros, especificar | D64: NO | H64: =G64*E64 -> 0 | I64: =IF(D64="SI",H64,0) -> 0 | L64: 0 | M64: =+L64-I64 -> 0 | N64: =IFERROR((M64/I64),0) -> 0
E65: SUBTOTALES: | H65: =SUM(H59:H64) -> 0 | I65: =SUM(I59:I64) -> 0 | L65: =SUM(L59:L64) -> 0 | M65: =SUM(M59:M64) -> 0 | N65: =IF(M65=0,0,(IF(I65=M65=0,1,(IF(I65=0,1,M65/I65))))) -> 0
B67: 39 | C67: ANIMACIÓN PRODUCCIÓN
B68: =+B67+0.1 -> 39.1 | C68: Responsable Construcción de set (stop motion) | D68: NO | H68: =G68*E68 -> 0 | I68: =IF(D68="SI",H68,0) -> 0 | L68: 0 | M68: =+L68-I68 -> 0 | N68: =IFERROR((M68/I68),0) -> 0
B69: =+B68+0.1 -> 39.2 | C69: Responsable layout escenarios | D69: NO | H69: =G69*E69 -> 0 | I69: =IF(D69="SI",H69,0) -> 0 | L69: 0 | M69: =+L69-I69 -> 0 | N69: =IFERROR((M69/I69),0) -> 0
B70: =+B69+0.1 -> 39.3 | C70: Responsable de Layout posing | D70: NO | H70: =G70*E70 -> 0 | I70: =IF(D70="SI",H70,0) -> 0 | L70: 0 | M70: =+L70-I70 -> 0 | N70: =IFERROR((M70/I70),0) -> 0
B71: =+B70+0.1 -> 39.4 | C71: Responsable de CGI | D71: NO | H71: =G71*E71 -> 0 | I71: =IF(D71="SI",H71,0) -> 0 | L71: 0 | M71: =+L71-I71 -> 0 | N71: =IFERROR((M71/I71),0) -> 0
B72: =+B71+0.1 -> 39.5 | C72: Responsable de Rigging | D72: NO | H72: =G72*E72 -> 0 | I72: =IF(D72="SI",H72,0) -> 0 | L72: 0 | M72: =+L72-I72 -> 0 | N72: =IFERROR((M72/I72),0) -> 0
B73: =+B72+0.1 -> 39.6 | C73: Responsable de Texturizado | D73: NO | H73: =G73*E73 -> 0 | I73: =IF(D73="SI",H73,0) -> 0 | L73: 0 | M73: =+L73-I73 -> 0 | N73: =IFERROR((M73/I73),0) -> 0
B74: =+B73+0.1 -> 39.7 | C74: Transfers | D74: NO | H74: =G74*E74 -> 0 | I74: =IF(D74="SI",H74,0) -> 0 | L74: 0 | M74: =+L74-I74 -> 0 | N74: =IFERROR((M74/I74),0) -> 0
B75: =+B74+0.1 -> 39.8 | C75: Software actualización | D75: NO | H75: =G75*E75 -> 0 | I75: =IF(D75="SI",H75,0) -> 0 | L75: 0 | M75: =+L75-I75 -> 0 | N75: =IFERROR((M75/I75),0) -> 0
B76: =+B75+0.1 -> 39.9 | C76: Conversiones | D76: NO | H76: =G76*E76 -> 0 | I76: =IF(D76="SI",H76,0) -> 0 | L76: 0 | M76: =+L76-I76 -> 0 | N76: =IFERROR((M76/I76),0) -> 0
B77: 39.1 | C77: Otros, especificar | D77: NO | H77: =G77*E77 -> 0 | I77: =IF(D77="SI",H77,0) -> 0 | L77: 0 | M77: =+L77-I77 -> 0 | N77: =IFERROR((M77/I77),0) -> 0
E78: SUBTOTALES: | H78: =SUM(H68:H77) -> 0 | I78: =SUM(I68:I77) -> 0 | L78: =SUM(L68:L77) -> 0 | M78: =SUM(M68:M77) -> 0 | N78: =IF(M78=0,0,(IF(I78=M78=0,1,(IF(I78=0,1,M78/I78))))) -> 0
B80: 40 | C80: EQUIPO POST ANIMACIÓN
B81: =+B80+0.1 -> 40.1 | C81: Director de Post | D81: NO | H81: =G81*E81 -> 0 | I81: =IF(D81="SI",H81,0) -> 0 | L81: 0 | M81: =+L81-I81 -> 0 | N81: =IFERROR((M81/I81),0) -> 0
B82: =+B81+0.1 -> 40.2 | C82: Compositor de imagen | D82: NO | H82: =G82*E82 -> 0 | I82: =IF(D82="SI",H82,0) -> 0 | L82: 0 | M82: =+L82-I82 -> 0 | N82: =IFERROR((M82/I82),0) -> 0
B83: =+B82+0.1 -> 40.3 | C83: Asistente de post producción (compositor de imagen) | D83: NO | H83: =G83*E83 -> 0 | I83: =IF(D83="SI",H83,0) -> 0 | L83: 0 | M83: =+L83-I83 -> 0 | N83: =IFERROR((M83/I83),0) -> 0
B84: =+B83+0.1 -> 40.4 | C84: Productor de estudio | D84: NO | H84: =G84*E84 -> 0 | I84: =IF(D84="SI",H84,0) -> 0 | L84: 0 | M84: =+L84-I84 -> 0 | N84: =IFERROR((M84/I84),0) -> 0
B85: =+B84+0.1 -> 40.5 | C85: Director de animación | D85: NO | H85: =G85*E85 -> 0 | I85: =IF(D85="SI",H85,0) -> 0 | L85: 0 | M85: =+L85-I85 -> 0 | N85: =IFERROR((M85/I85),0) -> 0
B86: =+B85+0.1 -> 40.6 | C86: Director de stop motion | D86: NO | H86: =G86*E86 -> 0 | I86: =IF(D86="SI",H86,0) -> 0 | L86: 0 | M86: =+L86-I86 -> 0 | N86: =IFERROR((M86/I86),0) -> 0
B87: =+B86+0.1 -> 40.7 | C87: Supervisor de efectos | D87: NO | H87: =G87*E87 -> 0 | I87: =IF(D87="SI",H87,0) -> 0 | L87: 0 | M87: =+L87-I87 -> 0 | N87: =IFERROR((M87/I87),0) -> 0
B88: =+B87+0.1 -> 40.8 | C88: Asistentes de animación | D88: NO | H88: =G88*E88 -> 0 | I88: =IF(D88="SI",H88,0) -> 0 | L88: 0 | M88: =+L88-I88 -> 0 | N88: =IFERROR((M88/I88),0) -> 0
B89: =+B88+0.1 -> 40.9 | C89: Ilustradores | D89: NO | H89: =G89*E89 -> 0 | I89: =IF(D89="SI",H89,0) -> 0 | L89: 0 | M89: =+L89-I89 -> 0 | N89: =IFERROR((M89/I89),0) -> 0
B90: 40.1 | C90: Coordinador de post producción | D90: NO | H90: =G90*E90 -> 0 | I90: =IF(D90="SI",H90,0) -> 0 | L90: 0 | M90: =+L90-I90 -> 0 | N90: =IFERROR((M90/I90),0) -> 0
B91: =+B90+0.01 -> 40.11 | C91: Animador de Post producción | D91: NO | H91: =G91*E91 -> 0 | I91: =IF(D91="SI",H91,0) -> 0 | L91: 0 | M91: =+L91-I91 -> 0 | N91: =IFERROR((M91/I91),0) -> 0
B92: =+B91+0.01 -> 40.12 | C92: Post producctor de arte | D92: NO | H92: =G92*E92 -> 0 | I92: =IF(D92="SI",H92,0) -> 0 | L92: 0 | M92: =+L92-I92 -> 0 | N92: =IFERROR((M92/I92),0) -> 0
B93: =+B92+0.01 -> 40.13 | C93: Editor | D93: NO | H93: =G93*E93 -> 0 | I93: =IF(D93="SI",H93,0) -> 0 | L93: 0 | M93: =+L93-I93 -> 0 | N93: =IFERROR((M93/I93),0) -> 0
B94: =+B93+0.01 -> 40.14 | C94: As Editor | D94: NO | H94: =G94*E94 -> 0 | I94: =IF(D94="SI",H94,0) -> 0 | L94: 0 | M94: =+L94-I94 -> 0 | N94: =IFERROR((M94/I94),0) -> 0
B95: =+B94+0.01 -> 40.15 | C95: Editor de Música | D95: NO | H95: =G95*E95 -> 0 | I95: =IF(D95="SI",H95,0) -> 0 | L95: 0 | M95: =+L95-I95 -> 0 | N95: =IFERROR((M95/I95),0) -> 0
B96: =+B95+0.01 -> 40.16 | C96: Contador de Postproducción | D96: NO | H96: =G96*E96 -> 0 | I96: =IF(D96="SI",H96,0) -> 0 | L96: 0 | M96: =+L96-I96 -> 0 | N96: =IFERROR((M96/I96),0) -> 0
B97: =+B96+0.01 -> 40.17 | C97: Mensajero | D97: NO | H97: =G97*E97 -> 0 | I97: =IF(D97="SI",H97,0) -> 0 | L97: 0 | M97: =+L97-I97 -> 0 | N97: =IFERROR((M97/I97),0) -> 0
B98: =+B97+0.01 -> 40.18 | C98: Proceso de animación (especificar cuál) | D98: NO | H98: =G98*E98 -> 0 | I98: =IF(D98="SI",H98,0) -> 0 | L98: 0 | M98: =+L98-I98 -> 0 | N98: =IFERROR((M98/I98),0) -> 0
E99: SUBTOTALES: | H99: =SUM(H81:H98) -> 0 | I99: =SUM(I81:I98) -> 0 | L99: =SUM(L81:L98) -> 0 | M99: =SUM(M81:M98) -> 0 | N99: =IF(M99=0,0,(IF(I99=M99=0,1,(IF(I99=0,1,M99/I99))))) -> 0
B101: 41 | C101: ANIMACIÓN POST PRODUCCIÓN
B102: =+B101+0.1 -> 41.1 | C102: Corrección de color | D102: NO | H102: =G102*E102 -> 0 | I102: =IF(D102="SI",H102,0) -> 0 | L102: 0 | M102: =+L102-I102 -> 0 | N102: =IFERROR((M102/I102),0) -> 0
B103: =+B102+0.1 -> 41.2 | C103: Conformado | D103: NO | H103: =G103*E103 -> 0 | I103: =IF(D103="SI",H103,0) -> 0 | L103: 0 | M103: =+L103-I103 -> 0 | N103: =IFERROR((M103/I103),0) -> 0
B104: =+B103+0.1 -> 41.3 | C104: Stock de Imágenes | D104: NO | H104: =G104*E104 -> 0 | I104: =IF(D104="SI",H104,0) -> 0 | L104: 0 | M104: =+L104-I104 -> 0 | N104: =IFERROR((M104/I104),0) -> 0
B105: =+B104+0.1 -> 41.4 | C105: Data Backup | D105: NO | H105: =G105*E105 -> 0 | I105: =IF(D105="SI",H105,0) -> 0 | L105: 0 | M105: =+L105-I105 -> 0 | N105: =IFERROR((M105/I105),0) -> 0
B106: =+B105+0.1 -> 41.5 | C106: Digital Video Elements | D106: NO | H106: =G106*E106 -> 0 | I106: =IF(D106="SI",H106,0) -> 0 | L106: 0 | M106: =+L106-I106 -> 0 | N106: =IFERROR((M106/I106),0) -> 0
B107: =+B106+0.1 -> 41.6 | C107: Deliveries | D107: NO | H107: =G107*E107 -> 0 | I107: =IF(D107="SI",H107,0) -> 0 | L107: 0 | M107: =+L107-I107 -> 0 | N107: =IFERROR((M107/I107),0) -> 0
B108: =+B107+0.1 -> 41.7 | C108: Titulos | D108: NO | H108: =G108*E108 -> 0 | I108: =IF(D108="SI",H108,0) -> 0 | L108: 0 | M108: =+L108-I108 -> 0 | N108: =IFERROR((M108/I108),0) -> 0
B109: =+B108+0.1 -> 41.8 | C109: Efectos visuales | D109: NO | H109: =G109*E109 -> 0 | I109: =IF(D109="SI",H109,0) -> 0 | L109: 0 | M109: =+L109-I109 -> 0 | N109: =IFERROR((M109/I109),0) -> 0
B110: =+B109+0.1 -> 41.9 | C110: Otros, especificar | D110: NO | H110: =G110*E110 -> 0 | I110: =IF(D110="SI",H110,0) -> 0 | L110: 0 | M110: =+L110-I110 -> 0 | N110: =IFERROR((M110/I110),0) -> 0
E111: SUBTOTALES: | H111: =SUM(H102:H110) -> 0 | I111: =SUM(I102:I110) -> 0 | L111: =SUM(L102:L110) -> 0 | M111: =SUM(M102:M110) -> 0 | N111: =IF(M111=0,0,(IF(I111=M111=0,1,(IF(I111=0,1,M111/I111))))) -> 0
B113: 42 | C113: ANIMACIÓN POST PRODUCCIÓN DE SONIDO
B114: =+B113+0.1 -> 42.1 | C114: Paquete post producción de sonido | D114: NO | H114: =G114*E114 -> 0 | I114: =IF(D114="SI",H114,0) -> 0 | L114: 0 | M114: =+L114-I114 -> 0 | N114: =IFERROR((M114/I114),0) -> 0
B115: =+B114+0.1 -> 42.2 | C115: Doblaje ADR Estudios y operarios | D115: NO | H115: =G115*E115 -> 0 | I115: =IF(D115="SI",H115,0) -> 0 | L115: 0 | M115: =+L115-I115 -> 0 | N115: =IFERROR((M115/I115),0) -> 0
...
